 Dungeon Crawl Stone Soup version 0.29-a0-565-g7a16c6de65 (webtiles) character file.

Game seed: 5268373221214320780

731 nlvnl the Sneak (level 7, -3/32 HPs)
             Began as a Spriggan Enchanter on June 12, 2022.
             Slain by Menkaure (14 damage)
             ... on level 5 of the Dungeon.
             The game lasted 00:08:19 (3873 turns).

nlvnl the Sneak (Spriggan Enchanter)                Turns: 3873, Time: 00:08:20

Health: -3/32      AC: 10    Str:  6    XL:     7   Next: 45%
Magic:  4/18       EV: 17    Int: 17    God:
Gold:   193        SH:  0    Dex: 15    Spells: 11/19 levels left

rFire   . . .      SeeInvis +   k - +1 dagger (protect)
rCold   + + +      Faith    .   (no shield)
rNeg    . . .      Spirit   .   b - +0 robe
rPois   +          Reflect  .   e - +1 hat
rElec   +          Harm     .   (no cloak)
rCorr   .          Rampage  +   (gloves unavailable)
Will    ++...                   (boots unavailable)
Stlth   ++++......              d - amulet of Couvunem {Rampage rElec rC+ Regen+}
HPRegen 0.90/turn               j - ring "Wiant" {*Slow rElec rPois rC++ Will+}
MPRegen 0.16/turn               (no ring)

@: mighty, confusing by touch, under a protective aura, invisible, very quick
A: very small, no large weapons, unfitting armour, see invisible, speed 3
a: no special abilities


You were on level 5 of the Dungeon.
You visited 1 branch of the dungeon, and saw 5 of its levels.

You collected 193 gold pieces.

Inventory:

Hand Weapons
 a - a +1 dagger
 f - the +2 mace "Qaqyl" {drain, Int+9}
   (You found it on level 2 of the Dungeon)

   A truly terrible weapon, it drains the life of any living foe it strikes.
   Int:       It affects your intelligence (+9).
 k - a +1 dagger of protection (weapon)
Armour
 b - a +0 robe (worn)
 e - a +1 hat (worn)
Jewellery
 d - the amulet of Couvunem (around neck) {Rampage rElec rC+ Regen+}
   (You acquired it on level 1 of the Dungeon)

   [amulet of regeneration]

   rC:        It protects you from cold.
   rElec:     It insulates you from electricity.
   Regen:     It increases your rate of health regeneration.
   Rampage:   It bestows one free step when moving towards enemies.
 j - the ring "Wiant" (left hand) {*Slow rElec rPois rC++ Will+}
   (You found it on level 1 of the Dungeon)

   [ring of willpower]

   rC:        It greatly protects you from cold.
   rElec:     It insulates you from electricity.
   rPois:     It protects you from poison.
   *Slow:     It may slow you when you take damage.
   Will:      It increases your willpower.
 r - a +4 ring of evasion
Wands
 p - a wand of iceblast (5)
Scrolls
 l - 3 scrolls of teleportation
 n - a scroll of fear
Potions
 c - a potion of invisibility
 h - a potion of heal wounds {unknown}
 i - 3 potions of curing
 m - 2 potions of attraction {unknown}
 o - a potion of berserk rage {unknown}
 q - a potion of mutation {unknown}


   Skills:
 - Level 1.1 Short Blades
 - Level 2.6 Dodging
 + Level 7.3 Stealth
 + Level 6.8 Spellcasting
 + Level 7.2 Hexes


You had 11 spell levels left.
You knew the following spells:

 Your Spells              Type           Power      Damage    Failure   Level
a - Ensorcelled Hibernat  Hex/Ice        36%        N/A       4%          2
b - Tukima's Dance        Hex            30%        N/A       1%          3
d - Confusing Touch       Hex            30%        N/A       1%          3

Your spell library contained the following spells:

 Spells                   Type           Power      Damage    Failure   Level
 Dazzling Flash           Conj/Hex       36%        N/A       9%          3
 Blink                    Tloc           10%        N/A       19%         2
 Manifold Assault         Tloc           5%         N/A       97%         5
 Storm Form               Tmut/Air       2%         N/A       100%        7


Dungeon Overview and Level Annotations

Branches:
Dungeon (5/15)
 Temple: D:4-7

Altars:
Cheibriados

Annotations:
D:5 Menkaure


Innate Abilities, Weirdness & Mutations

You are very small and have problems with some larger weapons.
You are too small for most types of armour.
You have supernaturally acute eyesight. (SInv)
You cover ground extremely quickly. (Speed+++)


Message History

No target in view!
An orc comes into view. It is wielding a +0 club.
You see here a +4 ring of evasion.
r - a +4 ring of evasion The orc shouts!
You rampage towards the orc!
Found a hand axe.
Menkaure, Prince of Dust comes into view.
Menkaure shouts!
The orc completely misses you.
You hit the orc.
The orc is moderately wounded.
You hit the orc.
The orc is heavily wounded.
The orc barely misses you.
You barely miss the orc.
The orc is heavily wounded.
The orc closely misses you.
You fade into invisibility!
The orc closely misses you.
Menkaure gestures wildly while chanting.
Menkaure seems to speed up.
Unknown command.
You feel very mighty all of a sudden. The orc completely misses you.
You puncture the orc!
You kill the orc!
Menkaure barely misses you.
You puncture Menkaure!
Menkaure is moderately damaged.
Menkaure calls on the powers of darkness!
Your body is wracked with pain!
Menkaure calls on the powers of darkness!
Your body is wracked with pain!
You are too injured to fight recklessly!
You are too injured to fight recklessly!
You are too injured to fight recklessly!
Casting: Confusing Touch (safe; 1% risk of failure)
Confirm with . or Enter, or press ? or * to list all spells.
Your hands begin to glow red.
Menkaure hits you!
You die...

.. #.....# ...
.#. #.....#
......
..###.....
...... ## #.
......####...
...
#.##..#........
#...
#.....#......#
....
#..#.#....>.#
...
#..#..†........#
#..
#.)@...#......#
#..
#.M..###....†)#
##. #..#.#
#......# #.
##...#
#......#####.
..#.)
###.##.....#.
.....#.
#...####...
.##.#.#. ###.
###. #. #.#.# .
##. ## #


You could see Menkaure (fast).

Vanquished Creatures
  A troll (D:5)
  Eustachio (D:4)
  A black bear (D:5)
  A necrophage (D:5)
  An orc priest (D:3)
  A jelly (D:5)
  Jessica (D:3)
  Ijyb (D:5)
  An iguana (D:5)
  3 adders
  2 worms (D:2)
  4 dart slugs
  7 orcs
  3 endoplasms
  A giant cockroach (D:2)
  2 goblins
  8 hobgoblins
  4 jackals (D:3)
  2 quokkas (D:2)
  5 ball pythons
  4 bats
  4 frilled lizards
  4 kobolds
  5 rats
67 creatures vanquished.

Vanquished Creatures (others)
  A dancing weapon (D:4)
1 creature vanquished.

Grand Total: 68 creatures vanquished

Notes
Turn   | Place    | Note
-------+----------+-------------------------------------------
     0 | D:1      | nlvnl the Spriggan Enchanter began the quest for the Orb.
     0 | D:1      | Reached XP level 1. HP: 9/9 MP: 5/5
   481 | D:1      | Identified a scroll of acquirement
   481 | D:1      | Acquired the amulet of Couvunem {Rampage rElec rC+ Regen+}
   536 | D:1      | Reached XP level 2. HP: 13/13 MP: 7/7
   539 | D:1      | Learned a level 2 spell: Ensorcelled Hibernation
   622 | D:1      | Found a faded altar of an unknown god.
   637 | D:1      | Identified the ring "Wiant" {*Slow rElec rPois rC++ Will+}
  1305 | D:2      | Reached XP level 3. HP: 16/16 MP: 2/9
  1313 | D:2      | Identified the +2 mace "Qaqyl" {drain, Int+9}
  1672 | D:2      | Learned a level 3 spell: Tukima's Dance
  1676 | D:2      | Learned a level 3 spell: Confusing Touch
  1942 | D:3      | Reached skill level 5 in Hexes
  1942 | D:3      | Reached XP level 4. HP: 21/21 MP: 11/11
  2118 | D:3      | Noticed Jessica
  2126 | D:3      | Killed Jessica
  2803 | D:3      | Reached skill level 5 in Spellcasting
  2803 | D:3      | Reached XP level 5. HP: 16/24 MP: 2/13
  3143 | D:4      | Noticed Eustachio
  3178 | D:4      | Killed Eustachio
  3179 | D:4      | Reached skill level 5 in Stealth
  3179 | D:4      | Reached XP level 6. HP: 28/28 MP: 5/15
  3755 | D:5      | Entered Level 5 of the Dungeon
  3755 | D:5      | Noticed a troll
  3783 | D:5      | Killed a troll
  3787 | D:5      | Reached XP level 7. HP: 32/32 MP: 7/17
  3809 | D:5      | Found a snail-covered altar of Cheibriados.
  3832 | D:5      | Noticed Ijyb
  3837 | D:5      | Killed Ijyb
  3865 | D:5      | Noticed Menkaure
  3873 | D:5      | Slain by Menkaure

Illustrated notes

Levels and vault maps discovered:
D:1:      roderic_dead_forest, layout_loops_ring,
          hellmonk_ecumenical_altar_lost_god, minmay_misc_feat_plants,
          chequers_serial_rivers_small_3, minmay_misc_feat_tiny,
          dk_noncrumbling_2
D:2:      layout_basic, st_stairs_11
D:3:      layout_basic, uniq_jessica
D:4:      layout_loops_corners, uniq_eustachio
D:5:      layout_rooms, mainiacjoe_overflow_chevrons, slow_altar_1,
          lightli_ossuary_entry_decrepit_ruins, uniq_menkaure, uniq_edmund,
          uniq_ijyb

Skill      XL: |  1  2  3  4  5  6  7 |
---------------+----------------------+-----
Spellcasting   | 3 4 5 6 |  6.8
Hexes          | 4 5 6 7 |  7.2
Stealth        | 5 6 7 |  7.3
Short Blades   | |  1.1
Dodging        | |  2.6

Action                   |  1- 3 |  4- 6 |  7- 9 || total
-------------------------+-------+-------+-------++-------
Melee: Dagger            |   118 |   115 |    13 ||   246
       Mace              |     4 |       |       ||     4
       Punch             |     1 |     1 |       ||     2
 Cast: Ensorcelled Hiber |     6 |    15 |     3 ||    24
       Tukima's Dance    |       |     5 |       ||     5
       Confusing Touch   |       |     3 |     2 ||     5
  Use: Scroll            |     7 |     1 |       ||     8
       Potion            |     1 |     1 |     2 ||     4
 Stab: Sleeping          |    16 |    10 |     3 ||    29
       Confused          |       |     3 |     1 ||     4
Armor: Robe              |    18 |    24 |     1 ||    43
Dodge: Dodged            |    76 |    96 |    12 ||   184

Table legend: (Time is in decaauts)
 A = Elapsed time spent in this place.
 B = Non-inter-level travel time spent in this place.
 C = Inter-level travel time spent in this place.
 D = Time resting spent in this place.
 E = Time spent auto-exploring this place.
 F = Levels seen in this place.
 G = Mean time per level.
                   A        B        C        D        E       F      G
               +--------+--------+--------+--------+--------+-----+--------+
         Total |   2795 |   2712 |     83 |    237 |   1883 |   5 |  559.0 |
       Dungeon |   2795 |   2712 |     83 |    237 |   1883 |   5 |  559.0 |
               +--------+--------+--------+--------+--------+-----+--------+

Top non-repeatable levels by time:
     D:1: 866 daAuts
     D:3: 819 daAuts
     D:4: 534 daAuts
     D:2: 487 daAuts
     D:5: 86 daAuts
